AoeStats
← ste88ganna

Pilgrims

509177980Analyzed
2v2 RM · 8d ago on Sep 25, 2026· 60m 22s· 4 players
Game mode
Random Map
Map size
Medium (4 player)
Population
200
Speed
Normal
Resources
Standard
Victory
Conquest
Starting age
Dark Age
Ending age
Imperial Age
RankedLock teamsTeams togetherTeam positionsShared explorationLock speedFull tech treeHidden civsTurbo modeCheats
Victory
Defeat
🇩🇪 Khmer · Germany
719
+16
🇩🇪 Portuguese · Germany
714
+16
🇮🇹 Huns · Italy
739
-16
🇬🇧 Huns · United Kingdom
706
-16
ste88ganna
8:00 Loom
13:00 Feudal Age
14:40 Wheelbarrow
22:08 Castle Age
20:18 Double-Bit Axe
20:29 Gold Mining
20:32 Stone Mining
25:18 Forging
25:13 Scale Barding Armor
25:08 Fletching
25:18 Padded Archer Armor
25:58 Bow Saw
25:33 Horse Collar
26:55 Gold Shaft Mining
27:06 Heavy Plow
28:59 Marauders
37:20 Iron Casting
36:41 Bodkin Arrow
37:07 Chain Barding Armor
37:03 Leather Archer Armor
37:22 Hand Cart
40:55 Imperial Age
38:33 Pikeman
39:25 Thumb Ring
39:41 Bloodlines
42:02 Conscription
41:06 Capped Ram
45:30 Blast Furnace
45:05 Plate Barding Armor
43:55 Elite Skirmisher
45:22 Halberdier
48:21 Scale Mail Armor
49:11 Masonry
Samuel
14:58 Feudal Age
13:16 Loom
14:15 Loom
15:42 Double-Bit Axe
16:52 Horse Collar
19:24 Town Watch
21:03 Wheelbarrow
20:22 Fishing Lines
20:48 Gold Mining
23:43 Castle Age
22:56 Stone Mining
24:41 Bow Saw
24:38 Caravan
24:40 Town Watch
25:30 Wheelbarrow
25:35 Heavy Plow
26:28 Gold Shaft Mining
26:05 Scale Barding Armor
26:10 Forging
27:08 Chain Barding Armor
28:33 Fervor
28:45 Fervor
29:41 Bloodlines
29:32 Husbandry
32:55 Hand Cart
33:18 Thumb Ring
33:20 Fletching
33:30 Padded Archer Armor
43:30 Imperial Age
42:43 Gillnets
45:20 Parthian Tactics
44:57 Bodkin Arrow
45:17 Leather Archer Armor
49:35 Bracer
52:51 Two-Man Saw
53:20 Heavy Cavalry Archer
54:54 Plate Barding Armor
56:15 Medium Warships
58:56 Elite Tarkan
d-911
16:52 Feudal Age
17:46 Double-Bit Axe
23:38 Castle Age
21:39 Gold Mining
21:40 Stone Mining
25:40 Bow Saw
26:46 Wheelbarrow
29:05 Imperial Age
29:13 Imperial Age
27:21 Wheelbarrow
33:10 Loom
48:05 Heavy Scorpion
49:51 Chemistry
49:14 Ballistics
48:59 Siege Engineers
49:47 Double Crossbow
50:21 Fletching
50:32 Padded Archer Armor
52:03 Bodkin Arrow
PixelHeld
16:12 Feudal Age
14:54 Loom
16:59 Town Watch
17:49 Wheelbarrow
17:13 Fishing Lines
17:17 Horse Collar
20:56 Castle Age
18:58 Double-Bit Axe
20:13 Gold Mining
20:13 Stone Mining
22:03 Hand Cart
22:42 Stone Shaft Mining
23:04 Fletching
26:18 Ballistics
26:48 Heavy Plow
27:02 Bow Saw
29:08 Town Patrol
31:22 Crossbowman
32:04 Murder Holes
32:33 Bodkin Arrow
33:43 Padded Archer Armor
37:14 Imperial Age
36:16 Thumb Ring
37:25 Masonry
37:34 Leather Archer Armor
37:57 Bracer
39:12 Two-Man Saw
38:41 Conscription
37:54 Elite Skirmisher
40:21 Arbalester
43:35 Elite Organ Gun
45:58 Crop Rotation
52:25 Ring Archer Armor
53:06 Husbandry
53:17 Bloodlines
52:28 Light Cavalry
57:03 Scale Barding Armor
57:09 Forging
60:15 Iron Casting
60:01 Chain Barding Armor
Connection lost

Rejoining the realm…

Still unreachable

The connection could not be restored.

Session expired

The server has moved on; the page needs a fresh start.